 Dungeon Crawl Stone Soup version 0.30-a0-177-g1cb5dbfd7a (webtiles) character file.

Game seed: 7994268918493051517

28 KennySheep the Vexing (level 2, 0/15 HPs)
             Began as a Vampire Enchanter on Oct 3, 2022.
             Was a High Priest of Ignis.
             Slain by an adder (1 damage)
             ... on level 2 of the Dungeon.
             The game lasted 00:03:29 (415 turns).

KennySheep the Vexing (Vampire Enchanter)            Turns: 415, Time: 00:03:30

Health: 0/15       AC:  2    Str:  7    XL:     2   Next: 96%
Magic:  5/5        EV: 12    Int: 17    God:    Ignis [*****.]
Gold:   61         SH:  0    Dex: 14    Spells: 3/5 levels left

rFire   + . .      SeeInvis +    a - +1 dagger
rCold   + + .      Faith    .    (no shield)
rNeg    + + +      Spirit   .    b - +0 robe
rPois   ∞          Reflect  .    (no helmet)
rElec   .          Harm     .    e - scarf {+Inv}
rCorr   .          Rampage  .    (no gloves)
Will    .....                    (no boots)
Stlth   +++++.....               (no amulet)
HPRegen 0.00/turn                (no ring)
MPRegen 0.09/turn                (no ring)

@: bloodless, inhibited regen
A: bloodless, fangs 3, see invisible, vampiric 1
a: Revivify, Renounce Religion, Evoke Invisibility, Fiery Armour, Foxfire Swarm,
Rising Flame


You were on level 2 of the Dungeon.
You worshipped Ignis.
Ignis was extremely pleased with you.
You visited 1 branch of the dungeon, and saw 2 of its levels.

You collected 61 gold pieces.

Inventory:

Hand Weapons
 a - a +1 dagger (weapon)
Armour
 b - a +0 robe (worn)
 e - a scarf of invisibility (worn)
Scrolls
 d - a scroll of identify {unknown}
 f - a scroll of teleportation {unknown}
 g - a scroll of enchant armour {unknown}
 h - a scroll of blinking {unknown}
Potions
 c - 2 potions of invisibility


   Skills:
 + Level 1.7 Short Blades
 - Level 2.1 Dodging
 + Level 4.8 Stealth
 - Level 2.0 Spellcasting
 * Level 4.9 Hexes
 * Level 1.2 Ice Magic


You had 3 spell levels left.
You knew the following spells:

 Your Spells              Type           Power      Damage    Failure   Level
a - Ensorcelled Hibernat  Hex/Ice        24%        N/A       9%          2

Your spell library contained the following spells:

 Spells                   Type           Power      Damage    Failure   Level
 Confusing Touch          Hex            18%        N/A       8%          3
 Tukima's Dance           Hex            18%        N/A       8%          3
 Dazzling Flash           Conj/Hex       20%        N/A       22%         3


Dungeon Overview and Level Annotations

Branches:
Dungeon (1/15)

Altars:
Ignis


Innate Abilities, Weirdness & Mutations

You do not regenerate when monsters are visible.
You are frail without blood (-20% HP).
You can heal yourself when you bite living creatures.
You are immune to poison.
You have razor-sharp teeth.
You have supernaturally acute eyesight. (SInv)
You are afflicted with vampirism.


Message History

There is an open door here.
A hobgoblin and a quokka come into view.
The hobgoblin shouts!
An adder comes into view.
There are monsters nearby!
You enter the shallow water.
Moving in this stuff is going to be slow.
The adder bites the plant.
The plant begins to die.
The adder bites the plant.
The plant begins to die.
The quokka bites you.
You barely miss the quokka.
The quokka splashes around in the water.
The adder bites the plant.
The plant begins to die.
The quokka bites you.
You miss the quokka.
A nearby plant withers and dies. x2
The adder bites the plant.
The hobgoblin completely misses the plant.
The quokka barely misses you.
You barely miss the quokka.
The adder bites the plant.
The quokka splashes around in the water.
The hobgoblin hits the plant.
You hit the quokka but do no damage.
The adder bites the plant.
The quokka closely misses you.
The hobgoblin hits the plant.
You hit the quokka.
The quokka is heavily wounded.
A nearby plant withers and dies.
The quokka bites you but does no damage.
The adder bites you.
You hit the quokka but do no damage. You bite the quokka.
You kill the quokka!
The adder barely misses you.
You barely miss the adder. The adder bites you.
You hit the adder.
The adder is heavily wounded.
The adder bites you. The hobgoblin hits you.
* * * LOW HITPOINT WARNING * * *
The adder misses you.
You barely miss the adder. Your bite misses the adder.
The adder is heavily wounded.
The adder bites you.
You die...

....♣~~~~~♣~♣~~
...~~~~~~~~~~~P
..PP~~~~~~~~~~≈
......?......
..P~~~~~~~~
..~~P~~PP♣ ~
...~~~~~~♣♣♣♣~♣
....♣♣Sg♣.....~
.......@...####
###........#
#########'####
#..........#
#..........#
###.....†....#
#............#
#....######.##
#....# #.#


You could see an adder and a hobgoblin.

Vanquished Creatures
  An adder (D:2)
  A ball python (D:1)
  2 giant cockroaches (D:1)
  3 goblins (D:1)
  2 hobgoblins (D:1)
  2 jackals (D:1)
  2 quokkas
  A frilled lizard (D:1)
  2 rats (D:1)
16 creatures vanquished.

Vanquished Creatures (others)
  10 plants (D:2)
10 creatures vanquished.

Grand Total: 26 creatures vanquished

Notes
Turn   | Place    | Note
-------+----------+-------------------------------------------
     0 | D:1      | KennySheep the Vampire Enchanter began the quest for the
                  | Orb.
     0 | D:1      | Reached XP level 1. HP: 13/13 MP: 3/3
    87 | D:1      | Found a faded altar of an unknown god.
   125 | D:1      | Reached XP level 2. HP: 13/19 MP: 5/5
   129 | D:1      | Learned a level 2 spell: Ensorcelled Hibernation
   140 | D:1      | Prayed at the altar of an unknown god.
   140 | D:1      | Became a worshipper of Ignis, the Dying Flame
   347 | D:1      | Reached skill level 1 in Ice Magic
   354 | D:1      | You fall into a shaft and drop 1 floor!
   415 | D:2      | Slain by an adder

Illustrated notes

Levels and vault maps discovered:
D:1:      psy_arrival_terrarium, layout_basic,
          hellmonk_ecumenical_altar_dog_temple, hangedman_feature_mirror
D:2:      cheibrodos_old_hovel, layout_basic, minmay_misc_feat_five,
          serial_bayou_lagoon_b

Skill      XL: |  1  2 |
---------------+-------+-----
Ice Magic      | 1 |  1.2
Short Blades   | |  1.7
Dodging        | |  2.1
Stealth        | |  4.8
Spellcasting   | |  2.0
Hexes          | |  4.9

Action                   || total
-------------------------++-------
Melee: Dagger            ||    72
       Bite              ||     9
 Abil: Exsanguinate      ||     1
 Stab: Sleeping          ||     4
Armor: Robe              ||    10
Dodge: Dodged            ||    46

Table legend: (Time is in decaauts)
 A = Elapsed time spent in this place.
 B = Non-inter-level travel time spent in this place.
 C = Inter-level travel time spent in this place.
 D = Time resting spent in this place.
 E = Time spent auto-exploring this place.
 F = Levels seen in this place.
 G = Mean time per level.
                   A        B        C        D        E       F      G
               +--------+--------+--------+--------+--------+-----+--------+
         Total |    412 |    412 |      0 |      0 |    226 |   2 |  206.0 |
       Dungeon |    412 |    412 |      0 |      0 |    226 |   2 |  206.0 |
               +--------+--------+--------+--------+--------+-----+--------+

Top non-repeatable levels by time:
     D:1: 350 daAuts
     D:2: 61 daAuts
